 Dungeon Crawl Stone Soup version 0.18.1-48-g4cf74bf (webtiles) character file.

1342 PossumBlood the Thaumaturge (level 8, -9/41 HPs)
             Began as a Deep Elf Wizard on Aug 25, 2016.
             Mangled by a wraith (15 damage)
             ... on level 1 of the Abyss.
             The game lasted 00:17:42 (6126 turns).

PossumBlood the Thaumaturge (Deep Elf Wizard)       Turns: 6126, Time: 00:17:43

Health: -9/41      AC:  6    Str:  3 (4)  XL:     8   Next: 35%
Magic:  12/26      EV: 12    Int: 26      God:
Gold:   126        SH:  0    Dex: 11 (13) Spells: 6 memorised, 19 levels left

rFire  . . .     SeeInvis .     d - +0 whip (holy)
rCold  . . .     Gourm    .     t - +2 robe {MR+}
rNeg   . . .     Faith    .     (no shield)
rPois  .         Spirit   .     b - +1 hat
rElec  .         Dismiss  .     (no cloak)
rCorr  .         Reflect  .     (no gloves)
SustAt .         Harm     .     j - +0 pair of boots
MR     +....                    (no amulet)
Stlth  ++........               (no ring)
                                (no ring)

@: slowed, repel missiles, very slow, somewhat resistant to hostile
enchantments, unstealthy
A: no striking features
a: no special abilities


You were on level 1 of the Abyss.
You were not hungry.

You visited 1 branch of the dungeon, and saw 4 of its levels.
You visited the Abyss 1 time.

You collected 126 gold pieces.

Inventory:

Hand Weapons
 d - a +0 whip of holy wrath (weapon)
Armour
 b - a +1 hat (worn)
 j - a +0 pair of boots (worn)
 t - a +2 robe of magic resistance (worn)
Wands
 h - a wand of digging (9/24)
 n - a wand of digging (12/24)
 q - a wand of disintegration (18/24)
Scrolls
 a - a scroll of remove curse
 e - a scroll of identify
 i - 4 scrolls of recharging
Potions
 g - 2 potions of magic {unknown}
 k - 2 potions of might
 l - a potion of lignification
 m - a potion of cancellation {unknown}
 r - 2 potions of mutation
Books
 c - a book of Minor Magic

   Spells                             Type                      Level
   a - Magic Dart                     Conjuration                  1
   b - Blink                          Translocation                2
   c - Call Imp                       Summoning                    2
   d - Repel Missiles                 Charms/Air                   2
   e - Slow                           Hexes                        2
   f - Conjure Flame                  Conjuration/Fire             3
   g - Mephitic Cloud                 Conjuration/Poison/Air       3
Comestibles
 f - 3 royal jellies
 o - 3 slices of pizza
 p - a meat ration


   Skills:
 - Level 2.4 Dodging
 - Level 2.4 Stealth
 + Level 12.8 Spellcasting
 + Level 10.8 Conjurations
   Level 1.1 Summonings
 - Level 1.1 Translocations


You had 19 spell levels left.
You knew the following spells:

 Your Spells              Type           Power        Failure   Level  Hunger
a - Magic Dart            Conj           ####         1%          1    None
b - Blink                 Tloc           N/A          3%          2    None
c - Repel Missiles        Chrm/Air       ###...       6%          2    None
d - Slow                  Hex            ###.....     6%          2    None
e - Conjure Flame         Conj/Fire      #####...     1%          3    None
f - Mephitic Cloud        Conj/Pois/Air  #####...     2%          3    None


Dungeon Overview and Level Annotations

Branches:
Dungeon (4/15)
 Temple: D:4-7

Altars:
Ashenzari
Fedhas
Pakellas
Sif Muna
Trog
The Shining One

Annotations:
D:2 exclusion: oklob plant


Message History

The magic dart hits the wraith.
The wraith is heavily damaged.
The wraith barely misses you.
Casting: Magic Dart
Confirm with . or Enter, or press ? or * to list all spells.
Aiming: Magic Dart
Press: ? - help, Shift-Dir - straight line, f/p - wraith
Aim: a wraith (heavily damaged)
The magic dart hits the wraith.
The wraith is heavily damaged.
The wraith closely misses you. The wraith barely misses you.
Casting: Magic Dart
Confirm with . or Enter, or press ? or * to list all spells.
Aiming: Magic Dart
Press: ? - help, Shift-Dir - straight line, f/p - wraith
Aim: a wraith (heavily damaged)
The magic dart hits the wraith.
The wraith is heavily damaged.
The wraith hits you!
You die...

.... ... ..##
... .# ..#
....####..##...
.......W.......
#@# #.# #.# #.#
#.# ... ... ...


You could see a wraith.

Vanquished Creatures
  Grinder (D:4)
  Sigmund (D:4)
  An ice beast (D:4)
  A sky beast (D:4)
  A black bear (D:4)
  A water moccasin skeleton (D:4)
  2 orc priests
  Terence (D:2)
  Jessica (D:3)
  Ijyb (D:2)
  Natasha (thrice) (D:2)
  An iguana (D:4)
  2 worker ants
  3 orc wizards
  6 gnolls
  8 adders
  An ooze (D:3)
  4 worms
  A dart slug (D:1)
  9 orcs
  8 giant cockroaches
  5 goblins
  6 hobgoblins
  4 jackals
  3 kobolds
  3 quokkas
  A ball python (D:1)
  10 bats
  3 giant newts
  7 rats
  A fungus (D:2)
  A plant (D:2)
101 creatures vanquished.

Notes
Turn   | Place    | Note
--------------------------------------------------------------
     0 | D:1      | PossumBlood the Deep Elf Wizard began the quest for the Orb.
     0 | D:1      | Reached XP level 1. HP: 10/10 MP: 7/7
   727 | D:2      | Reached XP level 2. HP: 15/15 MP: 5/9
   780 | D:2      | Found a faded altar to an unknown god.
   786 | D:2      | Reached skill level 5 in Spellcasting
   803 | D:2      | Reached XP level 3. HP: 19/19 MP: 1/11
   999 | D:2      | Reached XP level 4. HP: 24/24 MP: 2/13
  1241 | D:2      | Reached skill level 11 in Spellcasting
  1241 | D:2      | Reached XP level 5. HP: 28/28 MP: 14/21
  1246 | D:2      | Learned a level 2 spell: Blink
  1249 | D:2      | Learned a level 2 spell: Repel Missiles
  1252 | D:2      | Learned a level 2 spell: Slow
  1256 | D:2      | Learned a level 3 spell: Conjure Flame
  1268 | D:2      | Noticed Natasha
  1275 | D:2      | Killed Natasha
  1555 | D:2      | Noticed Natasha
  1558 | D:2      | Killed Natasha
  1577 | D:2      | Noticed Natasha
  1581 | D:2      | Killed Natasha
  1787 | D:2      | Noticed Terence
  1812 | D:2      | Killed Terence
  1812 | D:2      | Reached XP level 6. HP: 11/32 MP: 0/22
  2120 | D:2      | Noticed Ijyb
  2160 | D:2      | Killed Ijyb
  2350 | D:2      | Found a blossoming altar of Fedhas.
  2362 | D:2      | Noticed an oklob plant
  3269 | D:3      | Learned a level 3 spell: Mephitic Cloud
  3281 | D:3      | Reached skill level 12 in Spellcasting
  3398 | D:3      | Noticed Jessica
  3400 | D:3      | Killed Jessica
  3778 | D:4      | Noticed Sigmund
  3926 | D:4      | Noticed a sky beast
  3934 | D:4      | Killed a sky beast
  3934 | D:4      | Reached skill level 10 in Conjurations
  3934 | D:4      | Reached XP level 7. HP: 16/36 MP: 16/24
  4145 | D:4      | Noticed Grinder
  4154 | D:4      | Killed Grinder
  4676 | D:4      | Found a shattered altar of Ashenzari.
  5011 | D:4      | Killed Sigmund
  5011 | D:4      | Reached XP level 8. HP: 36/41 MP: 5/26
  5622 | D:4      | Found a glowing golden altar of the Shining One.
  5622 | D:4      | Found an oddly glowing altar of Pakellas.
  5623 | D:4      | Found a deep blue altar of Sif Muna.
  5720 | D:4      | Found a bloodstained altar of Trog.
  6087 | D:4      | Cast into level 1 of the Abyss (orc wizard)
  6126 | Abyss:1  | Mangled by a wraith

Skill      XL: |  1  2  3  4  5  6 |
---------------+-------------------+-----
Conjurations   | 2 3 9 10 | 10.8
Spellcasting   | 5 11 12 | 12.8
Dodging        | |  2.4
Stealth        | |  2.4
Summonings     | |  1.1
Translocations | |  1.1

Action                   |  1- 3 |  4- 6 |  7- 9 || total
-------------------------+-------+-------+-------++-------
Melee: Whip              |       |    20 |       ||    20
 Cast: Magic Dart        |    46 |   256 |   140 ||   442
       Repel Missiles    |       |     1 |       ||     1
       Conjure Flame     |       |       |     2 ||     2
       Slow              |       |       |     2 ||     2
  Use: Scroll            |     5 |     2 |     4 ||    11
       Potion            |       |     3 |     1 ||     4
  Eat: Bread ration      |       |     1 |     2 ||     3
       Meat ration       |       |     1 |       ||     1
Armor: Robe              |     1 |    19 |    10 ||    30
       Skin              |       |    15 |       ||    15
Dodge: Dodged            |     3 |    51 |    17 ||    71
       Deflected         |       |     3 |       ||     3
